 Dungeon Crawl Stone Soup version 0.30-a0-534-gdc55766716 (webtiles) character file.

Game seed: 3667479578873094661

11 Jase the Ruffian (level 2, 0/25 HPs)
             Began as a Naga Transmuter on Dec 24, 2022.
             Slain by Terence
             ... wielding a +0 trident
              (6 damage)
             ... on level 2 of the Dungeon.
             The game lasted 00:02:27 (1313 turns).

Jase the Ruffian (Naga Transmuter)                  Turns: 1313, Time: 00:02:27

Health: 0/25       AC:  2    Str: 12    XL:     2   Next: 25%
Magic:  12/14      EV:  9    Int: 13    God:
Gold:   3          SH:  0    Dex: 11    Spells: 2/5 levels left

rFire   . . .      SeeInvis +      - Unarmed
rCold   . . .      Faith    .    (no shield)
rNeg    . . .      Spirit   .    a - +0 robe
rPois   +          Reflect  .    (no helmet)
rElec   .          Harm     .    (no cloak)
rCorr   .          Rampage  .    k - +0 pair of gloves
Will    .....                    (no barding)
Stlth   +                        (no amulet)
HPRegen 0.24/turn                f - ring of magical power
MPRegen 0.14/turn                (no ring)

@: very slightly contaminated, very slow
A: AC +0, large, see invisible, deformed body, poison resistance, slowness 2,
spit poison 1, naga tail 1
a: Spit Poison


You were on level 2 of the Dungeon.
You visited 1 branch of the dungeon, and saw 2 of its levels.

You collected 15 gold pieces.
You spent 12 gold pieces at shops.

Inventory:

Missiles
 d - 4 stones
Armour
 a - a +0 robe (worn)
 k - a +0 pair of gloves (worn)
Jewellery
 f - a ring of magical power (left hand)
Scrolls
 e - 2 scrolls of blinking {unknown}
 g - a scroll of acquirement {unknown}
 j - a scroll of enchant weapon {unknown}
 l - a scroll of fear {unknown}
Potions
 b - a potion of lignification
 c - a potion of attraction {unknown}
 h - 2 potions of brilliance {unknown}
 i - a potion of invisibility {unknown}


   Skills:
 + Level 1.4 Fighting
 - Level 1.5 Dodging
 + Level 3.2 Unarmed Combat
 - Level 2.0 Spellcasting
 + Level 2.3 Transmutations


You had 2 spell levels left.
You knew the following spells:

 Your Spells              Type           Power      Damage    Failure   Level
a - Beastly Appendage     Tmut           14%        N/A       10%         1
b - Wereblood             Tmut           7%         N/A       16%         2

Your spell library contained the following spells:

 Spells                   Type           Power      Damage    Failure   Level
 Spider Form              Tmut/Pois      4%         N/A       43%         3
 Kindle Blastsparks       Fire/Tloc/Air  2%         2d10      58%         3
 Vhi's Electric Charge    Tloc/Air       2%         N/A       58%         3
 Ice Form                 Ice/Tmut       4%         N/A       85%         4
 Fulminant Prism          Conj/Hex       0%         3d5       94%         4
 Iskenderun's Mystic Bla  Conj/Tloc      1%         2d3       94%         4
 Arcjolt                  Conj/Air       0%         1d10      100%        5
 Lee's Rapid Deconstruct  Erth           0%         3d4*      100%        5
 Maxwell's Capacitive Co  Air            0%         ∞         100%        8


Dungeon Overview and Level Annotations

Branches:
Dungeon (2/15)

Altars:

Shops:
D:1 *

Annotations:
D:2 Terence


Innate Abilities, Weirdness & Mutations

Your serpentine skin is tough. (AC +0)
You have supernaturally acute eyesight. (SInv)
Armour fits poorly on your strangely shaped body.
Your system is resistant to poisons. (rPois)
You cover ground very slowly.
You can spit poison.
You have a snake-like lower body.


Message History

You can access your shopping list by pressing '$'.
You now have 15 gold pieces.
You pick up Maxwell's Memoranda and begin reading...
You add the spells Vhi's Electric Charge, Arcjolt and Maxwell's Capacitive Coupling to your library.
There is an entrance to Hufeheah's General Store here.
l - a scroll of noise Thank you for shopping at Hufeheah's General Store!
You can access your shopping list by pressing '$'.
You drop a scroll of noise.
l - a scroll labelled WUUPLO PAPUXZO You open the door.
There is an open door here.
Done exploring.
Done exploring.
There is a stone staircase leading down here.
You climb downwards.
There is a stone staircase leading up here.
Terence the Incautious comes into view.
He is wielding a +0 trident and wearing a +2 ring mail of positive energy.
Aiming: Spit Poison (2% risk of failure)
Press: ? - help, Shift-Dir - straight line, f - Terence
Aim: Terence, wielding a +0 trident and wearing a +2 ring mail of positive energy (65% to hit)
The splash of poison hits Terence.
Terence is poisoned.
Terence is moderately wounded.
Terence hits you with a +0 trident!
Casting: Beastly Appendage (safe; 10% risk of failure)
Confirm with . or Enter, or press ? or * to list all spells.
You miscast Beastly Appendage.
You are very lightly contaminated with residual magic.
Nothing appears to happen.
You have got your breath back.
Terence hits you with a +0 trident.
You hit Terence but do no damage.
Terence is moderately wounded.
Terence hits you with a +0 trident!
* * * LOW HITPOINT WARNING * * *
Casting: Beastly Appendage (safe; 10% risk of failure)
Confirm with . or Enter, or press ? or * to list all spells.
You miscast Beastly Appendage.
Nothing appears to happen.
Terence hits you with a +0 trident.
You die...

#.. ⌠.⌠ #.## ...
. #.. .. #.# ...
#.#####@# ..
.......@####.#
#.#####.#<...###.
#..........
#.###...... ....
...... #....
..... ###.##
.#### #.. . #.#
##


You could see Terence (poisoned).

Vanquished Creatures
  A dart slug (D:1)
  2 kobolds (D:1)
  A quokka (D:1)
  2 bats (D:1)
  3 frilled lizards (D:1)
  A rat (D:1)
10 creatures vanquished.

Notes
Turn   | Place    | Note
-------+----------+-------------------------------------------
     0 | D:1      | Jase the Naga Transmuter began the quest for the Orb.
     0 | D:1      | Reached XP level 1. HP: 18/18 MP: 3/3
   494 | D:1      | Found a faded altar of an unknown god.
   558 | D:1      | Reached XP level 2. HP: 5/25 MP: 5/5
   645 | D:1      | Learned a level 2 spell: Wereblood
  1017 | D:1      | Found Hufeheah's General Store.
  1130 | D:1      | Bought a scroll of noise for 12 gold pieces
  1307 | D:2      | Noticed Terence
  1313 | D:2      | Slain by Terence

Illustrated notes

Levels and vault maps discovered:
D:1:      eino_arrival_tree_alley, layout_basic, serial_shops, shop,
          chequers_ecumenical_altar_twisty, minmay_misc_feat_encased
D:2:      layout_basic, basic_altar, grunt_ministairs_8, minmay_domino_2,
          uniq_terence

Action                   || total
-------------------------++-------
Melee: Unarmed           ||    36
       Headbutt          ||     4
 Cast: Beastly Appendage ||     6
 Abil: Spit Poison       ||     1
Armor: Robe              ||     2
Dodge: Dodged            ||    17

Table legend: (Time is in decaauts)
 A = Elapsed time spent in this place.
 B = Non-inter-level travel time spent in this place.
 C = Inter-level travel time spent in this place.
 D = Time resting spent in this place.
 E = Time spent auto-exploring this place.
 F = Levels seen in this place.
 G = Mean time per level.
                   A        B        C        D        E       F      G
               +--------+--------+--------+--------+--------+-----+--------+
         Total |   1655 |   1570 |     85 |    330 |   1082 |   2 |  827.5 |
       Dungeon |   1655 |   1570 |     85 |    330 |   1082 |   2 |  827.5 |
               +--------+--------+--------+--------+--------+-----+--------+

Top non-repeatable levels by time:
     D:1: 1646 daAuts
     D:2: 9 daAuts
